 Dungeon Sprint DCSS version 0.28-a0-664-gc179e30c89 (webtiles) character file.

Game seed: 16892728030095984634

9009 iamoutofideas the Eclecticist (level 11, -63/73 HPs)
             Began as a Djinni Fire Elementalist on Oct 15, 2021.
             Was the Champion of Makhleb.
             Killed from afar by a deep elf annihilator (71 damage)
             ... with a crystal spear
             ... in the Dungeon (Sprint III: "The Ten Rune Challenge").
             The game lasted 00:10:47 (3250 turns).

iamoutofideas the Eclecticist (DjFE)                Turns: 3250, Time: 00:10:47

Health: -63/73     AC:  3    Str:  9    XL:     11   Next: 66%
Gold:   2063       EV: 16    Int: 21    God:    Makhleb [******] SH:  0 Dex: 13

rFire   + + .      SeeInvis .   q - +5 dagger (elec)
rCold   x . .      Faith    .   (no shield)
rNeg    . . .      Spirit   .   a - +0 robe
rPois   ∞          Reflect  .   (no helmet)
rElec   .          Harm     .   h - +0 cloak
rCorr   .          Rampage  .   (no gloves)
Will    +....      Rage     1%  (boots unavailable) Stlth +++.......NoTele +
                                (no amulet)
HPRegen 0.22/turn               (no ring)
MPRegen 0.00/turn               (no ring)

@: flying
A: sickness immunity, fire resistance 2, cold vulnerability 1, float, innate
caster, hp casting, extra vitality 1, berserk 1, screaming 1, strong 1
a: Renounce Religion, Minor Destruction, Lesser Servant of Makhleb, Major
Destruction, Greater Servant of Makhleb


You were in the Dungeon.
You worshipped Makhleb.
Makhleb was exalted by your worship.
You visited 1 branch You collected 2063 gold pieces.

Inventory:

Hand Weapons
 i - a +4 quarterstaff of chaos
 q - a +5 dagger of electrocution (weapon)
Armour
 a - a +0 robe (worn)
 h - a +0 cloak (worn)
Wands
 l - a wand of charming (9)
 p - a wand of digging (6)
Scrolls
 f - a scroll of blinking
 g - a scroll of identify
 j - 2 scrolls of torment
Potions
 b - 3 potions of curing
 c - a potion of heal wounds
 d - a potion of haste
 e - a potion of berserk rage
 k - a potion of flight
 m - a potion of degeneration
 n - a potion of might
Miscellaneous
 o - a phantom mirror


   Skills:
 + Level 4.2 Fighting
 - Level 0.8 Short Blades
 + Level 10.4 Dodging
 + Level 6.8 Stealth
 + Level 18.8 Spellcasting


You had 21 spell levels left.
You knew the following spells:

 Your Spells              Type           Power      Damage    Failure   Level
a - Foxfire               Conj/Fire      100%       2x1d9     0%          1
b - Scorch                Fire           100%       2d10      0%          2
c - Conjure Flame         Conj/Fire      78%        6-21      0%          3
d - Inner Flame           Hex/Fire       78%        N/A       0%          3
e - Flame Wave            Conj/Fire      78%        3d13      0%          4
f - Animate Skeleton      Necr           100%       N/A       0%          1
g - Slow                  Hex            78%        N/A       0%          2
h - Call Imp              Summ           78%        N/A       0%          2
i - Animate Armour        Summ/Erth      100%       N/A       0%          4
j - Iskenderun's Mystic   Conj/Tloc      78%        2d16      0%          4
Your spell library was empty.

Dungeon Overview and Level Annotations

Branches:
Dungeon (1/1)

Altars:
Cheibriados
Dithmenos
Elyvilon
Fedhas
Gozag
Hepliaklqana
Kikubaaqudgha
Makhleb
Nemelex Xobeh
Okawaru
Qazlal
Ru
Sif Muna
Trog
Uskayaw
Vehumet
Wu Jian
Xom
Yredelemnul
Zin
The Shining One
Beogh
Jiyva
Lugonu

Shops:
D [


Innate Abilities, Weirdness & Mutations

You are immune to sickness and miasma.
You are immune to poison.
Your flesh is very heat resistant. (rF++)
You are vulnerable to cold. (rC-)
You float through the air rather than walking.
You learn spells naturally, not from books.
Your magical power is your life essence.
You have superior vitality. (+4 HP)
You tend to lose your temper in combat.
You occasionally shout uncontrollably at your foes.
Your muscles are strong. (Str +2)


Message History

The deep elf high priest begins emitting a brilliant aura!
The deep elf annihilator is empowered by the deep elf high priest's aura!
The deep elf zephyrmancer is empowered by the deep elf high priest's aura!
The deep elf demonologist is empowered by the deep elf high priest's aura! x2
The deep elf death mage is empowered by the deep elf high priest's aura!
The deep elf annihilator mumbles some strange words.
The deep elf annihilator blinks!
The deep elf annihilator gestures wildly while chanting.
The deep elf annihilator blinks!
The deep elf annihilator gestures at you while chanting.
The iron shot hits you!!!
Ouch! That really hurt!
* * * LOW HITPOINT WARNING * * *
The deep elf annihilator points at you and mumbles some strange words.
The iron shot misses you.
Casting: Flame Wave (safe; 0% risk of failure)
Confirm with . or Enter, or press ? or * to list all spells.
Casting: Flame Wave (safe; 0% risk of failure)
Press: ? - help, Dir - look around, f - activate A wave of flame ripples out! (Press . to intensify the flame waves.)
The deep elf death mage shouts!
* * * LOW HITPOINT WARNING * * *
The deep elf annihilator casts a spell.
The deep elf annihilator blinks!
A wave of flame ripples out!
* * * LOW HITPOINT WARNING * * *
The deep elf annihilator mumbles some strange words.
The deep elf annihilator blinks!
Unknown command.
A wave of flame ripples out!
The flame wave engulfs the deep elf annihilator.
The deep elf annihilator resists.
The deep elf annihilator is lightly wounded.
* * * LOW HITPOINT WARNING * * *
You finish channelling waves of flame.
The deep elf annihilator points at you and mumbles some strange words.
The crystal spear hits you!!!
Ouch! That really hurt!
You die...

▓▓▓▓▓▓▓ ####.##..#########
####### #∩##.#.#...'.#e..#
....'..
#..)......##.#...##≈≈≈≈##.
#)[[[....#.#.#...§§≈ee....
#)[[[......#.#))@##≈≈≈≈##.
#.#))###..##.§)).# ee..'.e
#[.####..#.####### #######
#'###########################
#..≈≈§§.#.'...'.#.#.#.††..≈≈#
#.#§≈§#.#.#.).##.#.#.##†..≈≈###
+.#[§§#.#.#)).#.#.#.#.#†..≈≈≈≈#
#.#...#...#...##.#.#.##†..≈≈≈≈#
▓▓▓▓▓▓▓▓▓▓▓▓▓▓#.#.#.#.#.......#


You could see a deep elf annihilator (empowered).

Vanquished Creatures
  Josephine (D)
  A centaur warrior (D)
  An orc high priest (D)
  2 deep elf zephyrmancers (D)
  3 deep elf pyromancers (D)
  An orc knight (D)
  An orc sorcerer (D)
  2 cane toads (D)
  A komodo dragon (D)
  An unseen horror (D)
  3 wandering mushrooms (D)
  A queen bee (D)
  A shadow (D)
  An orc warrior (D)
  A necrophage (D)
  2 centaurs (D)
  A water elemental (D)
  32 killer bees (D)
  A jelly (D)
  2 orc priests (D)
  Crazy Yiuf (D)
  Jessica (D)
  A wizard (D)
  A necromancer (D)
  3 humans (D)
  A kobold demonologist (D)
  12 orcs (D)
  An endoplasm (D)
  2 rats (D)
  A ballistomycete spore (D)
83 creatures vanquished.

Vanquished Creatures (others)
  99 foxfires (D)
  2 plants (D)
101 creatures vanquished.

Grand Total: 184 creatures vanquished

Notes
Turn   | Place    | Note
-------+----------+-------------------------------------------
     0 | D        | iamoutofideas the Djinni Fire Elementalist began the quest
                  | for the Orb.
     0 | D        | Reached XP level 1. HP: 15/15 MP: 0/0
     9 | D        | Reached skill level 3 in Spellcasting
   104 | D        | Noticed Jessica
   115 | D        | Killed Jessica
   116 | D        | Reached skill level 4 in Spellcasting
   116 | D        | Reached XP level 2. HP: 8/21 MP: 0/0
   116 | D        | Reached XP level 3. HP: 9/25 MP: 0/0
   116 | D        | Learned a level 1 spell: Animate Skeleton
   344 | D        | Reached skill level 5 in Spellcasting
   467 | D        | Noticed Crazy Yiuf
   477 | D        | Killed Crazy Yiuf
   478 | D        | Reached skill level 6 in Spellcasting
   478 | D        | Reached XP level 4. HP: 28/31 MP: 0/0
   534 | D        | Gained mutation: You have hidden genetic defects. [potion
                  | of mutation]
   534 | D        | Gained mutation: You are strong-willed. (Will+) [potion of
                  | mutation]
   535 | D        | Lost mutation: You are strong-willed. (Will+) [potion of
                  | mutation]
   535 | D        | Lost mutation: You have hidden genetic defects. [potion of
                  | mutation]
   535 | D        | Gained mutation: Armour fits poorly on your strangely
                  | shaped body. [potion of mutation]
   535 | D        | Gained mutation: Your muscles are strong. (Str +2) [potion
                  | of mutation]
   535 | D        | Gained mutation: You sometimes lose the ability to read
                  | scrolls when taking damage. [potion of mutation]
   536 | D        | Lost mutation: Armour fits poorly on your strangely shaped
                  | body. [potion of mutation]
   536 | D        | Lost mutation: You sometimes lose the ability to read
                  | scrolls when taking damage. [potion of mutation]
   536 | D        | Gained mutation: You occasionally shout uncontrollably at
                  | your foes. [potion of mutation]
   536 | D        | Gained mutation: You tend to lose your temper in combat.
                  | [potion of mutation]
   537 | D        | Lost mutation: Your muscles are strong. (Str +2) [potion of
                  | mutation]
   537 | D        | Gained mutation: Your muscles are strong. (Str +2) [potion
                  | of mutation]
   554 | D        | Noticed a water elemental
   568 | D        | Killed a water elemental
   569 | D        | Reached skill level 7 in Spellcasting
   569 | D        | Reached XP level 5. HP: 8/35 MP: 0/0
   569 | D        | Learned a level 2 spell: Slow
   838 | D        | Found a basalt altar of Yredelemnul.
   838 | D        | Found a shadowy altar of Dithmenos.
   838 | D        | Found a sacrificial altar of Ru.
   838 | D        | Noticed a necrophage
   842 | D        | Killed a necrophage
   843 | D        | Reached skill level 5 in Dodging
   843 | D        | Reached skill level 8 in Spellcasting
   843 | D        | Reached XP level 6. HP: 31/40 MP: 0/0
   920 | D        | Noticed a sixfirhy
   922 | D        | Reached skill level 9 in Spellcasting
   970 | D        | Found a hide-covered altar of Uskayaw.
   970 | D        | Found an iron altar of Okawaru.
   970 | D        | Found a bloodstained altar of Trog.
   970 | D        | Found an ornate altar of the Wu Jian Council.
   970 | D        | Noticed a human
   973 | D        | Noticed a human
   978 | D        | Killed a human
   978 | D        | Killed a human
   979 | D        | Reached skill level 10 in Spellcasting
   979 | D        | Reached XP level 7. HP: 14/45 MP: 0/0
   979 | D        | Learned a level 2 spell: Call Imp
  1298 | D        | Noticed a shadow
  1302 | D        | Reached skill level 11 in Spellcasting
  1302 | D        | Killed a shadow
  1303 | D        | Reached XP level 8. HP: 18/50 MP: 0/0
  1559 | D        | Found a blossoming altar of Fedhas.
  1559 | D        | Found a stormy altar of Qazlal.
  1560 | D        | Found a snail-covered altar of Cheibriados.
  1560 | D        | Found a burning altar of Makhleb.
  1560 | D        | Found a hazy altar of Hepliaklqana.
  1560 | D        | Found a shimmering altar of Xom.
  1560 | D        | Found an opulent altar of Gozag.
  1560 | D        | Found a sparkling altar of Nemelex Xobeh.
  1560 | D        | Found a corrupted altar of Lugonu.
  1560 | D        | Found a viscous altar of Jiyva.
  1563 | D        | Became a worshipper of Makhleb the Destroyer
  1671 | D        | Found a glowing silver altar of Zin.
  1671 | D        | Found a glowing golden altar of the Shining One.
  1671 | D        | Found a white marble altar of Elyvilon.
  1671 | D        | Noticed a deep elf pyromancer
  1675 | D        | Killed a deep elf pyromancer
  1676 | D        | Reached skill level 12 in Spellcasting
  1735 | D        | Noticed Josephine
  1739 | D        | Killed Josephine
  1740 | D        | Reached skill level 1 in Fighting
  1740 | D        | Reached skill level 5 in Stealth
  1740 | D        | Reached skill level 13 in Spellcasting
  1740 | D        | Reached XP level 9. HP: 44/57 MP: 0/0
  1740 | D        | Learned a level 4 spell: Animate Armour
  2021 | D        | Noticed a centaur warrior
  2023 | D        | Reached * piety under Makhleb
  2024 | D        | Reached skill level 14 in Spellcasting
  2026 | D        | Killed a centaur warrior
  2174 | D        | Killed an unseen horror
  2174 | D        | Reached ** piety under Makhleb
  2175 | D        | Reached skill level 15 in Spellcasting
  2175 | D        | Reached XP level 10. HP: 45/64 MP: 0/0
  2325 | D        | Reached *** piety under Makhleb
  2366 | D        | Noticed a cane toad
  2366 | D        | Noticed a komodo dragon
  2366 | D        | Noticed a cane toad
  2374 | D        | Killed a cane toad
  2375 | D        | Reached skill level 16 in Spellcasting
  2375 | D        | Killed a cane toad
  2390 | D        | Killed a komodo dragon
  2772 | D        | Reached **** piety under Makhleb
  2773 | D        | Reached ***** piety under Makhleb
  2776 | D        | Reached ****** piety under Makhleb
  2777 | D        | Reached skill level 17 in Spellcasting
  2780 | D        | Reached XP level 11. HP: 70/71 MP: 0/0
  2780 | D        | Learned a level 4 spell: Iskenderun's Mystic Blast
  2824 | D        | Found Vituyt's Antique Armour Shoppe.
  2824 | D        | Noticed an orc knight
  2825 | D        | Noticed an orc high priest
  2825 | D        | Noticed an orc sorcerer
  2831 | D        | Killed an orc sorcerer
  2832 | D        | Killed an orc knight
  2838 | D        | Killed an orc high priest
  2839 | D        | Reached skill level 10 in Dodging
  2839 | D        | Reached skill level 18 in Spellcasting
  3072 | D        | Noticed a deep elf pyromancer
  3072 | D        | Noticed a deep elf zephyrmancer
  3072 | D        | Noticed a deep elf pyromancer
  3072 | D        | Noticed a deep elf zephyrmancer
  3072 | D        | Noticed a deep elf zephyrmancer
  3077 | D        | Noticed a deep elf annihilator
  3079 | D        | Noticed a deep elf annihilator
  3080 | D        | Killed a deep elf pyromancer
  3080 | D        | Killed a deep elf zephyrmancer
  3080 | D        | Killed a deep elf zephyrmancer
  3081 | D        | Killed a deep elf pyromancer
  3139 | D        | Noticed a deep elf high priest
  3242 | D        | Noticed a deep elf demonologist
  3243 | D        | Identified the ring "Kevorope" {rPois rN++ Int+2 Dex+2}
  3244 | D        | Noticed a deep elf demonologist
  3245 | D        | Identified the +3 halberd "Veohuitwea" {freeze, rC+}
  3245 | D        | Noticed a deep elf death mage
  3250 | D        | Killed from afar by a deep elf annihilator

Illustrated notes

Levels and vault maps discovered:
D:        dungeon_sprint_mu [sprint_mu_entry_forest, sprint_mu_temple_rooms,
          sprint_mu_d1_horrors, sprint_mu_d2_genie, sprint_mu_d3_branching,
          sprint_mu_orc_legion, sprint_mu_elf_gauntlet, sprint_mu_hive_nellie,
          sprint_mu_lair_fedhas, sprint_mu_vaults_butterflies,
          sprint_mu_slime_circle, sprint_mu_swamp_cave, sprint_mu_snake_twists,
          sprint_mu_blade_basic, sprint_mu_crypt_lich, sprint_mu_tomb_spiral,
          sprint_mu_vestibule_basic, sprint_mu_gehenna_hellfire,
          sprint_mu_dis_giant, sprint_mu_tartarus_statrot,
          sprint_mu_cocytus_islands, sprint_mu_zot1]

Skill      XL: |  1  2  3  4  5  6  7  8  9 10 11 |
---------------+----------------------------------+-----
Spellcasting   | 4 6 7 8 10 11 13 15 17 18 | 18.8
Dodging        | 3 4 5 6 7 8 9 10 | 10.4
Stealth        | 2 3 4 5 6 |  6.8
Fighting       | 1 2 3 4 |  4.2
Short Blades   | |  0.8

Action                   |  1- 3 |  4- 6 |  7- 9 | 10-12 || total
-------------------------+-------+-------+-------+-------++-------
Melee: Dagger            |       |       |     2 |       ||     2
 Cast: Foxfire           |    20 |     1 |       |    34 ||    55
       Flame Wave        |       |     4 |     7 |    11 ||    22
       Scorch            |       |     4 |     2 |     3 ||     9
       Call Imp          |       |       |     3 |       ||     3
       Animate Armour    |       |       |     1 |       ||     1
       Slow              |       |       |       |     2 ||     2
       Inner Flame       |       |       |       |     1 ||     1
  Use: Scroll            |       |     4 |       |       ||     4
       Potion            |       |     4 |       |       ||     4
Armor: Robe              |     1 |       |     4 |       ||     5
Dodge: Dodged            |     2 |     5 |    11 |     9 ||    27

Table legend: (Time is in decaauts)
 A = Elapsed time spent in this place.
 B = Non-inter-level travel time spent in this place.
 C = Inter-level travel time spent in this place.
 D = Time resting spent in this place.
 E = Time spent auto-exploring this place.
 F = Levels seen in this place.
 G = Mean time per level.
                   A        B        C        D        E       F      G
               +--------+--------+--------+--------+--------+-----+--------+
         Total |   3249 |   3249 |      0 |   2496 |      0 |   1 | 3249.0 |
       Dungeon |   3249 |   3249 |      0 |   2496 |      0 |   1 | 3249.0 |
               +--------+--------+--------+--------+--------+-----+--------+

Top non-repeatable levels by time:
       D: 3249 daAuts
